 Dungeon Crawl Stone Soup version 0.17-a0-1632-g0af21bd (console) character file.

36 Monkaria the Ducker (level 3, 0/17 HPs)
             Began as a Felid Berserker on Aug 2, 2015.
             Was a Believer of Trog.
             Slain by an adder (4 damage)
             ... on level 2 of the Dungeon.
             The game lasted 00:01:06 (1283 turns).

Monkaria the Ducker (Felid Berserker)               Turns: 1283, Time: 00:01:06

Health: 0/17       AC:  1    Str: 14    XL:     3   Next: 19%
Magic:  4/4        EV: 20    Int:  8    God:    Trog [**....]
Gold:   120        SH:  0    Dex: 15    Spells: 0 memorised, 2 levels left
                                        Lives:  0   Deaths: 0

rFire  . . .     SeeInvis +       - Unarmed
rCold  . . .     Clarity  .     (armour unavailable)
rNeg   . . .     SustAt   .     (shield unavailable)
rPois  .         Gourm    .     (helmet unavailable)
rElec  .         Spirit   .     (cloak unavailable)
rCorr  .         Warding  .     (gloves unavailable)
rMut   .         Stasis   .     (boots unavailable)
MR     ++...                    (no amulet)
Stlth  ++........               (no ring)
                                (no ring)

@: lethally poisoned (0 -> 0), regenerating, quick, very resistant to hostile
enchantments, unstealthy
A: no armour, no weapons or thrown items, claws 1, fangs 3, see invisible,
carnivore 3, speed 1, shaggy fur 1, slow metabolism 1, sharp paws
a: Burn Spellbooks, Berserk, Trog's Hand, Renounce Religion


You were on level 2 of the Dungeon.
You worshipped Trog.
Trog was pleased with you.
You were completely stuffed.

You visited 1 branch of the dungeon, and saw 2 of its levels.

You collected 120 gold pieces.

Inventory:

Jewellery
 g - an uncursed ring of invisibility {unknown}
Scrolls
 b - 2 scrolls of identify {unknown}
 d - a scroll of amnesia {unknown}
 f - a scroll of remove curse {unknown}
 h - a scroll of fear {unknown}
 i - a scroll of recharging {unknown}
Potions
 c - 2 potions of heal wounds {unknown}
 e - a potion of agility {unknown}
 j - a potion of curing {unknown}
Comestibles
 a - 3 meat rations


   Skills:
 - Level 3.0 Fighting
 + Level 5.8 Dodging
 - Level 3.0 Unarmed Combat


You had 2 spell levels left.
You didn't know any spells.

Dungeon Overview and Level Annotations

Branches:
Dungeon (2/15)

Altars:
Nemelex Xobeh


Innate Abilities, Weirdness & Mutations

You cannot wear armour.
You are incapable of wielding weapons or throwing items.
You have sharp claws.
You have razor-sharp teeth.
You have supernaturally acute eyesight.
You are carnivorous and can eat meat at any time.
You cover ground quickly.
You are covered in fur (AC +1).
You have a slow metabolism.
Your sharp claws are effective at attacking unaware monsters.


Message History

The adder poisons you!
Use which ability? (? or * to list)
Your skin crawls.
You feel resistant to hostile enchantments.
You feel slightly less full.
You feel sick. The adder bites you.
You scratch the adder.
The adder is almost dead.
You feel sick. The adder misses you.
You miss the adder.
The adder is almost dead.
You feel sick. The adder bites you.
* * * LOW HITPOINT WARNING * * *
You barely miss the adder. Your bite misses the adder.
The adder is almost dead.
You feel sick. The adder closely misses you.
Unknown command.
You miss the adder.
The adder is almost dead.
You feel sick. The adder completely misses you. The adder bites you.
You die...

#.# #.# #.#
#.# #.# #
#.##### #.
#S#...
####.##@#.##
......%..#.#
.###......#
#.#...##
#.##.## .
#.# .. # #(#
#.# ##'##
#.# ##...##
#.#


You could see an adder.

Vanquished Creatures
  A gnoll (D:1)
  A giant gecko (D:2)
  4 bats
  3 giant cockroaches
  4 goblins (D:1)
  3 hobgoblins (D:1)
  2 giant newts (D:1)
  4 kobolds (D:1)
  3 rats (D:1)
25 creatures vanquished.

Notes
Turn   | Place    | Note
--------------------------------------------------------------
     0 | D:1      | Monkaria the Felid Berserker began the quest for the Orb.
     0 | D:1      | Reached XP level 1. HP: 10/10 MP: 2/2
    55 | D:1      | Reached XP level 2. HP: 14/14 MP: 3/3
   165 | D:1      | Found a sparkling altar of Nemelex Xobeh.
   195 | D:1      | Reached skill level 5 in Dodging
   829 | D:1      | Acquired Trog's second power
   829 | D:1      | Reached XP level 3. HP: 17/17 MP: 4/4
  1283 | D:2      | Slain by an adder

Vault maps used:
D:1:      minmay_arrival_three_doors, nemelex_deck
D:2:      first_bread

Action                   || total
-------------------------++-------
Melee: Unarmed           ||    47
Invok: Berserk           ||     1
       Trog's Hand       ||     1
 Stab: Sleeping          ||     4
  Eat: Chunk             ||     9
